 Dungeon Crawl Stone Soup version 0.21.1-1-g345015f (webtiles) character file.

1474 infcreate the Cleaver (level 8, -9/71 HPs)
             Began as a Minotaur Fighter on May 6, 2018.
             Was an Initiate of Okawaru.
             Mangled by an orc warrior
             ... wielding a cursed -2 glaive
              (13 damage)
             ... on level 6 of the Dungeon.
             The game lasted 00:22:56 (5500 turns).

infcreate the Cleaver (Minotaur Fighter)            Turns: 5500, Time: 00:22:57

Health: -9/71      AC: 10    Str: 23    XL:     8   Next: 49%
Magic:  0/7        EV:  7    Int:  5    God:    Okawaru [......]
Gold:   358        SH: 10    Dex: 10    Spells: 7/7 levels left

rFire    . . .     SeeInvis +   a - +0 war axe
rCold    . . .     Gourm    .   c - +0 shield
rNeg     . . .     Faith    .   D - +0 chain mail
rPois    .         Spirit   +   (helmet restricted)
rElec    .         Reflect  .   (no cloak)
rCorr    .         Harm     .   (no gloves)
MR       .....                  (no boots)
Stlth    ..........             z - amulet of guardian spirit
HPRegen  0.21/turn              q - ring of see invisible
MPRegen  0.10/turn              F - +1 ring of evasion

@: no status effects
A: retaliatory headbutt, claws 1, hooves 1, horns 2, MP-powered wands
a: Renounce Religion


You were on level 6 of the Dungeon.
You worshipped Okawaru.
Okawaru was noncommittal.
You were not hungry.

You visited 2 branches of the dungeon, and saw 7 of its levels.

You collected 358 gold pieces.

Inventory:

Hand Weapons
 a - a +0 war axe (weapon)
 r - a +2 hand axe of venom
Armour
 c - a +0 shield (worn)
 D - a +0 chain mail (worn)
Jewellery
 q - a ring of see invisible (left claw)
 z - an amulet of guardian spirit (around neck)
 F - a +1 ring of evasion (right claw)
Wands
 y - a wand of iceblast (13)
 A - a wand of polymorph (11)
Scrolls
 b - a scroll of amnesia {unknown}
 g - 5 scrolls of magic mapping {unknown}
 h - 9 scrolls of identify {unknown}
 i - a scroll of teleportation {unknown}
 k - 2 scrolls of enchant armour {unknown}
 u - 3 scrolls of remove curse {unknown}
 v - a scroll of random uselessness {unknown}
 w - a scroll of blinking {unknown}
Potions
 d - a potion of heal wounds {unknown}
 e - 2 potions of lignification
 j - a potion of flight
 l - a potion of magic
 m - 3 potions of resistance
 n - a potion of berserk rage
 o - a potion of curing
 p - 2 potions of mutation
 s - a potion of degeneration {unknown}
 t - 2 potions of brilliance {unknown}
 x - a potion of invisibility {unknown}
 B - a potion of agility {unknown}
Books
 C - a book of Changes

   Spells                             Type                      Level
   a - Beastly Appendage              Transmutation                1
   b - Sticks to Snakes               Transmutation                2
   c - Spider Form                    Transmutation/Poison         3
   d - Ice Form                       Ice/Transmutation            4
   e - Blade Hands                    Transmutation                5
 E - a book of Cantrips

   Spells                             Type                      Level
   a - Confusing Touch                Hexes                        1
   b - Animate Skeleton               Necromancy                   1
   c - Summon Small Mammal            Summoning                    1
   d - Apportation                    Translocation                1
Comestibles
 f - 7 rations
 G - 2 chunks of flesh


   Skills:
 + Level 6.5 Fighting
 + Level 8.6 Axes
 + Level 6.9 Armour
 + Level 6.4 Shields


You had 7 spell levels left.
You didn't know any spells.

Dungeon Overview and Level Annotations

Branches:
Dungeon (6/15)             Temple (1/1) D:5

Altars:
Elyvilon
Fedhas
Kikubaaqudgha
Makhleb
Nemelex Xobeh
Okawaru
Ru
Trog
Uskayaw
Vehumet
Yredelemnul
Zin
The Shining One

Shops:
D:5 ?


Innate Abilities, Weirdness & Mutations

You reflexively headbutt those who attack you in melee.
You have a pair of horns on your head.
You have sharp fingernails.
You have large cloven feet.
You expend magic power (3 MP) to strengthen your wands.


Message History

You hit the orc warrior but do no damage.
Your headbutt misses the orc warrior. The orc warrior hits you with a glaive!
You block the orc warrior's attack.
You barely miss the orc warrior. You kick the orc warrior.
The orc warrior is lightly wounded.
You closely miss the orc warrior. Your kick misses the orc warrior.
You headbutt the orc warrior, but do no damage.
The orc warrior is lightly wounded.
The orc warrior hits you with a glaive!
* * * LOW HITPOINT WARNING * * *
You closely miss the orc warrior.
The orc warrior is lightly wounded.
You block the orc warrior's attack. The orc warrior hits you with a glaive!
* * * LOW HITPOINT WARNING * * *
You see here a dagger.
You barely miss the orc warrior. You headbutt the orc warrior.
The orc warrior is lightly wounded.
The orc warrior hits you with a glaive!
You die...

..........#.##..........
........###.##..........
######......##..........
#########........#.
###'#+#..+ #.# ### #.#
#.# #@########
#o........
.......)....###.
............#
............#
............#
###.........#
#.........# #.........#


You could see an orc warrior.

Vanquished Creatures
  Sigmund (D:2)
  2 ice beasts
  An orc warrior (D:6)
  An ogre (D:5)
  A phantom (D:5)
  A big kobold (D:6)
  A scorpion (D:4)
  The ghost of Iko the Grasshopper, a weakling BaWr (D:4)
  3 wights (D:5)
  A crimson imp (D:5)
  An orc priest (D:6)
  2 bullfrog skeletons (D:4)
  5 hounds
  3 worker ants
  Robin (D:3)
  A howler monkey zombie (D:5)
  2 gnoll zombies (D:5)
  An orc zombie (D:5)
  6 adders
  4 gnolls
  An adder skeleton (D:4)
  A worm (D:2)
  3 dart slugs
  2 leopard geckos
  6 orcs
  A ball python (D:3)
  8 bats
  3 giant cockroaches
  9 goblins
  9 hobgoblins
  11 jackals
  9 kobolds
  2 quokkas (D:5)
  4 frilled lizards
  A jackal skeleton (D:5)
  A leopard gecko skeleton (D:4)
  A quokka skeleton (D:4)
  A quokka zombie (D:5)
  4 rats
116 creatures vanquished.

Notes
Turn   | Place    | Note
-------+----------+-------------------------------------------
     0 | D:1      | infcreate the Minotaur Fighter began the quest for the Orb.
     0 | D:1      | Reached XP level 1. HP: 19/19 MP: 0/0
   315 | D:1      | Reached XP level 2. HP: 27/27 MP: 1/1
   575 | D:1      | Reached XP level 3. HP: 33/33 MP: 2/2
   746 | D:2      | Reached skill level 3 in Axes
   862 | D:2      | Noticed Sigmund
  1803 | D:2      | Reached XP level 4. HP: 41/41 MP: 3/3
  1847 | D:2      | Found a sparkling altar of Nemelex Xobeh.
  2024 | D:2      | Killed Sigmund
  2024 | D:2      | Reached skill level 4 in Axes
  2024 | D:2      | Reached skill level 5 in Armour
  2024 | D:2      | Reached XP level 5. HP: 37/47 MP: 4/4
  2396 | D:3      | Found a radiant altar of Vehumet.
  2506 | D:3      | Found a hide-covered altar of Uskayaw.
  2679 | D:3      | Reached XP level 6. HP: 55/55 MP: 5/5
  2680 | D:3      | Noticed Robin
  2700 | D:3      | Killed Robin
  2700 | D:3      | Reached skill level 5 in Fighting
  2990 | D:4      | Noticed Iko's ghost (weakling BaWr)
  3003 | D:4      | Killed Iko's ghost
  3003 | D:4      | Reached skill level 5 in Shields
  3184 | D:4      | Reached skill level 5 in Axes
  3251 | D:4      | Found a glowing silver altar of Zin.
  3411 | D:4      | Found a blossoming altar of Fedhas.
  3495 | D:4      | Reached XP level 7. HP: 36/61 MP: 2/6
  3581 | D:5      | Entered Level 5 of the Dungeon
  3588 | D:5      | Found Yvaxuq's Magic Scroll Shoppe.
  3607 | D:5      | Reached skill level 6 in Axes
  3667 | D:5      | Found a staircase to the Ecumenical Temple.
  3919 | Temple   | Entered the Ecumenical Temple
  3921 | Temple   | Reached skill level 7 in Axes
  4242 | Temple   | Became a worshipper of Warmaster Okawaru
  4511 | D:5      | Reached XP level 8. HP: 47/70 MP: 4/7
  4524 | D:5      | Found a transporter.
  4590 | D:5      | Found a burning altar of Makhleb.
  4726 | D:5      | Found a transporter.
  4845 | D:5      | Gained mutation: You expend magic power (3 MP) to strengthen your wands. [potion of mutation]
  4845 | D:5      | Gained mutation: You have sharp fingernails. [potion of mutation]
  4845 | D:5      | Gained mutation: You have large cloven feet. [potion of mutation]
  4847 | D:5      | HP: 5/105 [poisoned by a gnoll sergeant zombie]
  5285 | D:6      | Reached skill level 8 in Axes
  5500 | D:6      | Mangled by an orc warrior

Skill      XL: |  1  2  3  4  5  6  7  8 |
---------------+-------------------------+-----
Fighting       | 4 5 6 |  6.5
Armour         | 4 5 6 |  6.9
Shields        | 4 5 6 |  6.4
Axes           | 3 4 5 7 8 |  8.6

Action                   |  1- 3 |  4- 6 |  7- 9 || total
-------------------------+-------+-------+-------++-------
Melee: War axe           |    89 |    98 |   134 ||   321
       Headbutt          |    12 |    14 |    30 ||    56
       Kick              |       |       |    12 ||    12
  Use: Potion            |       |     1 |     8 ||     9
  Eat: Ration            |     1 |       |     1 ||     2
       Chunk             |       |     5 |     4 ||     9
Armor: Scale mail        |    67 |    27 |    40 ||   134
       Chain mail        |       |       |    18 ||    18
Dodge: Dodged            |    28 |    27 |    39 ||    94
Block: Shield            |    51 |    43 |    83 ||   177
